| TOP OF THE 1ST |
|
Northwest Arkansas Naturals batting - Pitching for Erie SeaWolves : RHP Jerome Stady
|
|
Pitching: RHP Jerome Stady
|
|
|
Batting: RHB Kevin Allen
|
0-0: Swinging Strike 0-1: Ball 1-1: Ball 2-1: Swinging Strike 2-2: Foul Ball, location: 2F 2-2: Ball 3-2: Fly out, F8 (Flyball, 78M, EV 91.9 MPH)
|
|
Batting: RHB Carlos Almada
|
0-0: Ball 1-0: Called Strike 1-1: Called Strike 1-2: Foul Ball, location: 2F 1-2: Ball 2-2: Strikes out swinging
|
|
Batting: LHB Pablo Serrato
|
0-0: Ball 1-0: Ball 2-0: Called Strike 2-1: Ground out U3 (Groundball, 3, EV 102.5 MPH)
|
| Top of the 1st over - 0 runs, 0 hits, 0 errors, 0 left on base; Northwest Arkansas 0 - Erie 0 |
| BOTTOM OF THE 1ST |
|
Erie SeaWolves batting - Pitching for Northwest Arkansas Naturals : RHP Nam Phong
|
|
Pitching: RHP Nam Phong
|
|
|
Batting: LHB Nick Nino
|
0-0: Bunted foul 0-1: Ball 1-1: Ball 2-1: TRIPLE (Line Drive, 78XD, EV 102.5 MPH)
|
|
Batting: RHB Norm Wood
|
0-0: Called Strike 0-1: Swinging Strike 0-2: Ball 1-2: Ball 2-2: Foul Ball, location: 2F 2-2: DOUBLE (Flyball, 89D, EV 103.1 MPH) Nick Nino scores
|
|
Batting: RHB Eric Angelle
|
0-0: Called Strike 0-1: Foul Ball, location: 2F 0-2: Ball 1-2: Ball 2-2: Foul Ball, location: 2F 2-2: Strikes out swinging
|
|
Batting: RHB Benny O'Connor
|
0-0: Ball 1-0: Called Strike 1-1: Swinging Strike 1-2: Ball 2-2: Ball 3-2: Strikes out swinging
|
|
Batting: LHB Afanasy Zasekin
|
0-0: Ball 1-0: Ball 2-0: Foul Ball, location: 2F 2-1: Ball 3-1: Ground out 4-3 (Groundball, 4, EV 83.1 MPH)
|
| Bottom of the 1st over - 1 run, 2 hits, 0 errors, 1 left on base; Northwest Arkansas 0 - Erie 1 |
| TOP OF THE 2ND |
|
Northwest Arkansas Naturals batting - Pitching for Erie SeaWolves : RHP Jerome Stady
|
|
Batting: RHB Chang-keun Baik
|
0-0: Called Strike 0-1: Swinging Strike 0-2: Strikes out swinging
|
|
Batting: RHB Nick Julien
|
0-0: Foul Ball, location: 2F 0-1: Ball 1-1: Ground out 6-3 (Groundball, 6, EV 87.5 MPH)
|
|
Batting: RHB Edwin Ramos
|
0-0: Ball 1-0: Ball 2-0: Fly out, F2 (Popup, 25F, EV 90.0 MPH)
|
| Top of the 2nd over - 0 runs, 0 hits, 0 errors, 0 left on base; Northwest Arkansas 0 - Erie 1 |
| BOTTOM OF THE 2ND |
|
Erie SeaWolves batting - Pitching for Northwest Arkansas Naturals : RHP Nam Phong
|
|
Batting: LHB Jamie Christian
|
0-0: Ball 1-0: Fly out, F8 (Line Drive, 8RM, EV 98.1 MPH)
|
|
Batting: RHB Keith Hoffman
|
0-0: Foul Ball, location: 2F 0-1: Ground out 4-3 (Groundball, 4S, EV 68.8 MPH)
|
|
Batting: RHB German Quiroga
|
0-0: Ball 1-0: Called Strike 1-1: Foul Ball, location: 2F 1-2: Strikes out swinging
|
| Bottom of the 2nd over - 0 runs, 0 hits, 0 errors, 0 left on base; Northwest Arkansas 0 - Erie 1 |
| TOP OF THE 3RD |
|
Northwest Arkansas Naturals batting - Pitching for Erie SeaWolves : RHP Jerome Stady
|
|
Batting: RHB Jon Griffin
|
0-0: Ground out U3 (Groundball, 13, EV 85.6 MPH)
|
|
Batting: RHB Nate De Jongh
|
0-0: Ball 1-0: Called Strike 1-1: Swinging Strike 1-2: Ball 2-2: DOUBLE (Groundball, 5L, EV 104.4 MPH)
|
|
Batting: RHB Vance Coen
|
0-0: Called Strike 0-1: Ball 1-1: Ball 2-1: Ground out U3 (Groundball, 34S, EV 87.5 MPH) Nate De Jongh to third
|
|
Batting: RHB Kevin Allen
|
0-0: Ball 1-0: Called Strike 1-1: Ball 2-1: Foul Ball, location: 2F 2-2: Strikes out swinging
|
| Top of the 3rd over - 0 runs, 1 hit, 0 errors, 1 left on base; Northwest Arkansas 0 - Erie 1 |
| BOTTOM OF THE 3RD |
|
Erie SeaWolves batting - Pitching for Northwest Arkansas Naturals : RHP Nam Phong
|
|
Batting: RHB Tanner Purchase
|
0-0: Called Strike 0-1: Ground out 5-3 (Groundball, 56S, EV 76.2 MPH)
|
|
Batting: LHB Nick Nino
|
0-0: Bunt missed! 0-1: Ball 1-1: Ball 2-1: Swinging Strike 2-2: Ball 3-2: Strikes out swinging
|
|
Batting: RHB Norm Wood
|
0-0: Ground out 3-1 (Groundball, 34S, EV 85.6 MPH)
|
| Bottom of the 3rd over - 0 runs, 0 hits, 0 errors, 0 left on base; Northwest Arkansas 0 - Erie 1 |
| TOP OF THE 4TH |
|
Northwest Arkansas Naturals batting - Pitching for Erie SeaWolves : RHP Jerome Stady
|
|
Batting: RHB Carlos Almada
|
0-0: Ball 1-0: Foul Ball, location: 2F 1-1: Foul Ball, location: 2F 1-2: SINGLE (Groundball, 56S, EV 68.8 MPH) (infield hit)
|
|
Batting: LHB Pablo Serrato
|
0-0: Ball 1-0: Ball 2-0: SINGLE (Groundball, 4MD, EV 103.1 MPH) Carlos Almada to second
|
|
Batting: RHB Chang-keun Baik
|
0-0: Called Strike 0-1: Swinging Strike 0-2: Foul Ball, location: 2F 0-2: Fly out, F8 (Flyball, 8RD, EV 97.5 MPH)
|
|
Batting: RHB Nick Julien
|
0-0: Foul Ball, location: 2F 0-1: Called Strike 0-2: Ball 1-2: Hit by Pitch Carlos Almada to third Pablo Serrato to second
|
|
Batting: RHB Edwin Ramos
|
0-0: Ball 1-0: Foul Ball, location: 2F 1-1: Fly out, F9 (Line Drive, 9, EV 93.8 MPH)
|
|
Batting: RHB Jon Griffin
|
0-0: Ball 1-0: Called Strike 1-1: Foul Ball, location: 2F 1-2: Fly out, F9 (Line Drive, 9, EV 95.6 MPH)
|
| Top of the 4th over - 0 runs, 2 hits, 0 errors, 3 left on base; Northwest Arkansas 0 - Erie 1 |
| BOTTOM OF THE 4TH |
|
Erie SeaWolves batting - Pitching for Northwest Arkansas Naturals : RHP Nam Phong
|
|
Batting: RHB Eric Angelle
|
0-0: Ball 1-0: Ball 2-0: Swinging Strike 2-1: Called Strike 2-2: SINGLE (Line Drive, 5D, EV 100.6 MPH)
|
|
Batting: RHB Benny O'Connor
|
0-0: Called Strike Eric Angelle steals 2nd base 0-1: SINGLE (Line Drive, 4M, EV 97.5 MPH) Eric Angelle to third
|
|
Batting: LHB Afanasy Zasekin
|
0-0: Called Strike 0-1: Ball 1-1: Called Strike 1-2: Strikes out swinging
|
|
Batting: LHB Jamie Christian
|
0-0: Ball 1-0: Fly out, F5 (Popup, 56S, EV 75.0 MPH)
|
|
Batting: RHB Keith Hoffman
|
0-0: Ball 1-0: Ball 2-0: Foul Ball, location: 2F 2-1: Foul Ball, location: 2F 2-2: Fly out, F8 (Flyball, 8RM, EV 74.4 MPH)
|
| Bottom of the 4th over - 0 runs, 2 hits, 0 errors, 2 left on base; Northwest Arkansas 0 - Erie 1 |
| TOP OF THE 5TH |
|
Northwest Arkansas Naturals batting - Pitching for Erie SeaWolves : RHP Jerome Stady
|
|
Batting: RHB Nate De Jongh
|
0-0: Called Strike 0-1: Swinging Strike 0-2: Ball 1-2: Ball 2-2: Foul Ball, location: 2F 2-2: Foul Ball, location: 2F 2-2: Foul Ball, location: 2F 2-2: SINGLE (Groundball, 56D, EV 101.2 MPH)
|
|
Batting: RHB Vance Coen
|
0-0: Ball 1-0: Ball 2-0: Ground out 5-3 (Groundball, 56S, EV 66.9 MPH) Nate De Jongh to second
|
|
Batting: RHB Kevin Allen
|
0-0: Called Strike 0-1: Foul Ball, location: 2F 0-2: Foul Ball, location: 2F 0-2: Foul Ball, location: 2F 0-2: Ball 1-2: Ground out 6-3 (Groundball, 56, EV 84.4 MPH)
|
|
Batting: RHB Carlos Almada
|
0-0: Foul Ball, location: 2F 0-1: Ball 1-1: Ground out 4-3 (Groundball, 4, EV 91.2 MPH)
|
| Top of the 5th over - 0 runs, 1 hit, 0 errors, 1 left on base; Northwest Arkansas 0 - Erie 1 |
| BOTTOM OF THE 5TH |
|
Erie SeaWolves batting - Pitching for Northwest Arkansas Naturals : RHP Nam Phong
|
|
Batting: RHB German Quiroga
|
0-0: Swinging Strike 0-1: Foul Ball, location: 2F 0-2: Ball 1-2: Ball 2-2: Strikes out swinging
|
|
Batting: RHB Tanner Purchase
|
0-0: Called Strike 0-1: Foul Ball, location: 2F 0-2: Strikes out swinging
|
|
Batting: LHB Nick Nino
|
0-0: Ball 1-0: Swinging Strike 1-1: Ball 2-1: Swinging Strike 2-2: Ball 3-2: Strikes out swinging
|
| Bottom of the 5th over - 0 runs, 0 hits, 0 errors, 0 left on base; Northwest Arkansas 0 - Erie 1 |
| TOP OF THE 6TH |
|
Northwest Arkansas Naturals batting - Pitching for Erie SeaWolves : RHP Jerome Stady
|
|
Batting: LHB Pablo Serrato
|
0-0: Foul Ball, location: 2F 0-1: Ball 1-1: Swinging Strike 1-2: Fly out, F5 (Popup, 56, EV 75.6 MPH)
|
|
Batting: RHB Chang-keun Baik
|
0-0: Foul Ball, location: 2F 0-1: Foul Ball, location: 2F 0-2: Strikes out looking
|
|
Batting: RHB Nick Julien
|
0-0: Ball 1-0: Swinging Strike 1-1: Swinging Strike 1-2: Strikes out swinging
|
| Top of the 6th over - 0 runs, 0 hits, 0 errors, 0 left on base; Northwest Arkansas 0 - Erie 1 |
| BOTTOM OF THE 6TH |
|
Erie SeaWolves batting - Pitching for Northwest Arkansas Naturals : RHP Nam Phong
|
|
Batting: RHB Norm Wood
|
0-0: Ball 1-0: Ball 2-0: Called Strike 2-1: Ball 3-1: Called Strike 3-2: Foul Ball, location: 2F 3-2: Foul Ball, location: 2F 3-2: Base on Balls
|
|
Pitching: RHP Gary Ackerman
|
|
|
Batting: RHB Eric Angelle
|
0-0: Ball 1-0: SINGLE (Groundball, 56S, EV 62.5 MPH) (infield hit) Norm Wood to second
|
|
Batting: RHB Benny O'Connor
|
0-0: Ball 1-0: Ball 2-0: Foul Ball, location: 2F 2-1: Ball 3-1: Base on Balls Norm Wood to third Eric Angelle to second
|
|
Batting: LHB Afanasy Zasekin
|
0-0: Fielders Choice at 2nd, 4-6 (Groundball, 4, EV 88.8 MPH) Norm Wood scores Eric Angelle to third
|
|
Batting: LHB Jamie Christian
|
0-0: Called Strike 0-1: Foul Ball, location: 2F 0-2: Strikes out swinging
|
|
Batting: RHB Keith Hoffman
|
0-0: Foul Ball, location: 2F 0-1: Ball 1-1: Ball 2-1: SINGLE (Groundball, 56D, EV 110.0 MPH) Eric Angelle scores Afanasy Zasekin to second
|
|
Batting: RHB German Quiroga
|
0-0: Ball 1-0: Ball Wild Pitch! Afanasy Zasekin to third Keith Hoffman to second 2-0: Ball 3-0: Called Strike 3-1: Swinging Strike 3-2: Strikes out swinging
|
| Bottom of the 6th over - 2 runs, 2 hits, 0 errors, 2 left on base; Northwest Arkansas 0 - Erie 3 |
| TOP OF THE 7TH |
|
Northwest Arkansas Naturals batting - Pitching for Erie SeaWolves : RHP Jerome Stady
|
|
Batting: RHB Edwin Ramos
|
0-0: Ball 1-0: Ground out 6-3 (Groundball, 56, EV 87.5 MPH)
|
|
Batting: RHB Jon Griffin
|
0-0: Ground out 5-3 (Groundball, 56S, EV 66.9 MPH)
|
|
Batting: RHB Nate De Jongh
|
0-0: Called Strike 0-1: SINGLE (Groundball, 56D, EV 96.2 MPH)
|
|
Batting: RHB Vance Coen
|
0-0: Called Strike 0-1: Swinging Strike 0-2: Ball 1-2: Foul Ball, location: 2F 1-2: Strikes out swinging
|
| Top of the 7th over - 0 runs, 1 hit, 0 errors, 1 left on base; Northwest Arkansas 0 - Erie 3 |
| BOTTOM OF THE 7TH |
|
Erie SeaWolves batting - Pitching for Northwest Arkansas Naturals : RHP Gary Ackerman
|
|
Pitching: LHP Ken Milhouse
|
|
|
Batting: RHB Tanner Purchase
|
0-0: Ball 1-0: Foul Ball, location: 2F 1-1: Ball 2-1: Ground out 5-3 (Groundball, 56S, EV 81.9 MPH)
|
|
Batting: LHB Nick Nino
|
0-0: Called Strike 0-1: Ball 1-1: Ground out 4-3 (Groundball, 4MS, EV 82.5 MPH)
|
|
Batting: RHB Norm Wood
|
0-0: Ball 1-0: Ball 2-0: Ball 3-0: Called Strike 3-1: Base on Balls
|
|
Batting: RHB Eric Angelle
|
0-0: Ball 1-0: Fielders Choice at 2nd, 6-4 (Groundball, 6, EV 103.8 MPH)
|
| Bottom of the 7th over - 0 runs, 0 hits, 0 errors, 1 left on base; Northwest Arkansas 0 - Erie 3 |
| TOP OF THE 8TH |
|
Northwest Arkansas Naturals batting - Pitching for Erie SeaWolves : RHP Jerome Stady
|
|
Batting: RHB Kevin Allen
|
0-0: Ball 1-0: Called Strike 1-1: Called Strike 1-2: Ball 2-2: Foul Ball, location: 2F 2-2: Strikes out swinging
|
|
Pitching: LHP George Moran
|
|
|
Batting: RHB Carlos Almada
|
0-0: Ball 1-0: Ball 2-0: Called Strike 2-1: Foul Ball, location: 2F 2-2: Ball 3-2: Strikes out looking
|
|
Batting: LHB Pablo Serrato
|
0-0: Ball 1-0: Ball 2-0: Ball 3-0: Base on Balls
|
|
Batting: RHB Chang-keun Baik
|
0-0: Swinging Strike 0-1: Hit by Pitch Pablo Serrato to second
|
|
Batting: RHB Nick Julien
|
0-0: Called Strike 0-1: Foul Ball, location: 2F 0-2: Strikes out swinging
|
| Top of the 8th over - 0 runs, 0 hits, 0 errors, 2 left on base; Northwest Arkansas 0 - Erie 3 |
| BOTTOM OF THE 8TH |
|
Erie SeaWolves batting - Pitching for Northwest Arkansas Naturals : LHP Ken Milhouse
|
|
Pitching: LHP Walter Whiteman
|
|
|
Batting: RHB Benny O'Connor
|
0-0: Ball 1-0: Ball 2-0: Ball 3-0: Foul Ball, location: 2F 3-1: SOLO HOME RUN (Flyball, 8RXD, EV 116.9 MPH), Distance : 482 ft
|
|
Batting: LHB Afanasy Zasekin
|
0-0: Ball 1-0: Ball 2-0: Ball 3-0: Called Strike 3-1: Fly out, F2 (Popup, 2L, EV 89.4 MPH)
|
|
Batting: LHB Jamie Christian
|
0-0: Ground out U3 (Groundball, 3, EV 93.8 MPH)
|
|
Batting: RHB Keith Hoffman
|
0-0: Swinging Strike 0-1: Ball 1-1: Foul Ball, location: 2F 1-2: Fly out, F4 (Popup, 4MS, EV 77.5 MPH)
|
| Bottom of the 8th over - 1 run, 1 hit, 0 errors, 0 left on base; Northwest Arkansas 0 - Erie 4 |
| TOP OF THE 9TH |
|
Northwest Arkansas Naturals batting - Pitching for Erie SeaWolves : LHP George Moran
|
|
Batting: RHB Edwin Ramos
|
0-0: Ball 1-0: Fly out, F9 (Flyball, 89S, EV 86.2 MPH)
|
|
Batting: RHB Jon Griffin
|
0-0: Ball 1-0: Ground out 6-3 (Groundball, 6S, EV 74.4 MPH)
|
|
Batting: RHB Nate De Jongh
|
0-0: Called Strike 0-1: Swinging Strike 0-2: Foul Ball, location: 2F 0-2: Strikes out swinging
|
| Top of the 9th over - 0 runs, 0 hits, 0 errors, 0 left on base; Northwest Arkansas 0 - Erie 4 |
|